 Dungeon Crawl Stone Soup version 0.21-a0-584-g185da8e (webtiles) character file.

739 Amnesiac the Archer (level 7, -1/55 HPs)
             Began as a Centaur Hunter on Dec 21, 2017.
             Was an Initiate of Okawaru.
             Slain by a centaur
             ... wielding a +0 war axe
              (16 damage)
             ... on level 5 of the Dungeon.
             The game lasted 00:05:50 (5355 turns).

Amnesiac the Archer (Centaur Hunter)                Turns: 5355, Time: 00:05:50

Health: -1/55      AC:  4    Str: 15    XL:     7   Next: 46%
Magic:  7/7        EV:  9    Int: 10    God:    Okawaru [......]
Gold:   271        SH:  0    Dex: 11    Spells: 6/6 levels left

rFire    . . .     SeeInvis .   a - +1 shortbow
rCold    . . .     Gourm    +   (shield currently unavailable)
rNeg     . . .     Faith    .   c - +0 leather armour
rPois    .         Spirit   .   (no helmet)
rElec    .         Reflect  .   (no cloak)
rCorr    .         Harm     .   (no gloves)
MR       .....                  (no barding)
Stlth    ++........             E - amulet of the gourmand
HPRegen  0.18/turn              j - ring of stealth
MPRegen  0.10/turn              (no ring)

@: very quick
A: large, hooves 3, deformed body, speed 2, tough skin 3
a: Renounce Religion


You were on level 5 of the Dungeon.
You worshipped Okawaru.
Okawaru was noncommittal.
You were completely stuffed.

You visited 2 branches of the dungeon, and saw 6 of its levels.

You collected 271 gold pieces.

Inventory:

Hand Weapons
 a - a +1 shortbow (weapon)
 b - a +0 hand axe of electrocution
 A - a +0 blowgun
Missiles
 d - 65 arrows (quivered)
 e - 54 stones
 x - 8 javelins
 y - 6 curare-tipped needles
 B - 19 poisoned needles
Armour
 c - a +0 leather armour (worn)
 r - a +0 helmet
Jewellery
 j - a ring of stealth (left hand)
 E - an amulet of the gourmand (around neck)
Scrolls
 g - 3 scrolls of blinking {!r, unknown}
 h - 2 scrolls of identify {!r}
 i - a scroll of amnesia {!r, unknown}
 k - 2 scrolls of teleportation {!r, unknown}
 l - 2 scrolls of magic mapping {!r, unknown}
 m - 4 scrolls of enchant weapon {!r, unknown}
 p - a scroll of fear {!r, unknown}
 t - 2 scrolls of fog {!r, unknown}
 w - a scroll of enchant armour {!r, unknown}
 D - a scroll of remove curse {!r, unknown}
 G - a scroll of noise {!r, unknown}
 H - a scroll of immolation {!r, unknown}
Potions
 n - a potion of agility {!q, unknown}
 o - 3 potions of heal wounds {!q, unknown}
 s - a potion of brilliance {!q}
 u - 3 potions of might {!q}
 v - a potion of haste {!q}
 z - a potion of resistance {!q}
 C - a potion of curing {!q}
 F - a potion of lignification {!q}
Comestibles
 f - 8 rations
 q - 7 chunks of flesh


   Skills:
 - Level 2.0 Fighting
 * Level 11.5 Bows
 - Level 1.3 Armour
 - Level 1.3 Dodging
 - Level 0.4 Stealth


You had 6 spell levels left.
You didn't know any spells.

Dungeon Overview and Level Annotations

Branches:
Dungeon (5/15)             Temple (1/1) D:4

Altars:
Ashenzari
Cheibriados
Dithmenos
Elyvilon
Gozag
Hepliaklqana
Kikubaaqudgha
Makhleb
Nemelex Xobeh
Okawaru
Qazlal
Uskayaw
Wu Jian
Xom
Yredelemnul
Zin
The Shining One


Innate Abilities, Weirdness & Mutations

You have hooves in place of feet.
Armour fits poorly on your strangely shaped body.
You cover ground very quickly.
You have extremely tough skin. (AC +3)


Message History

Aim: a crimson imp (hasn't noticed you)
You shoot an arrow. The crimson imp shouts!
The arrow hits the crimson imp.
The crimson imp is moderately wounded.
You hear a shout! x3
An orc comes into view. It is wielding a dagger.
There are monsters nearby!
Firing (i - inventory. (,) - cycle):
d - 71 arrows (quivered)
Press: ? - help, Shift-Dir - straight line, f/p - crimson imp
Aim: a crimson imp (moderately wounded)
You shoot an arrow.
The arrow closely misses the crimson imp.
The orc shouts!
The arrow hits the orc but does no damage.
You hear a shout!
A centaur comes into view. It is wielding a war axe.
Firing (i - inventory. (,) - cycle):
d - 70 arrows (quivered)
Press: ? - help, Shift-Dir - straight line, f/p - crimson imp
Aim: a crimson imp (moderately wounded)
You shoot an arrow. The arrow closely misses the centaur.
The centaur unwields an uncursed war axe.
The centaur wields a shortbow.
The centaur shoots an arrow.
The arrow hits you!
An orc comes into view. It is wielding a mace.
Firing (i - inventory. (,) - cycle):
d - 69 arrows (quivered)
Press: ? - help, Shift-Dir - straight line, f/p - centaur
Aim: a centaur, wielding a shortbow You shoot an arrow.
The arrow closely misses the crimson imp.
The arrow hits the orc!
You kill the orc!
Okawaru accepts your kill.
The centaur shoots an arrow.
The arrow hits you!
Firing (i - inventory. (,) - cycle):
d - 68 arrows (quivered)
Press: ? - help, Shift-Dir - straight line, f/p - crimson imp
Aim: a crimson imp (lightly wounded)
You shoot an arrow.
The arrow closely misses the crimson imp.
The centaur shoots an arrow.
The arrow hits you but does no damage.
An iguana comes into view.
Firing (i - inventory. (,) - cycle):
d - 67 arrows (quivered)
Press: ? - help, Shift-Dir - straight line, f/p - crimson imp
Aim: a crimson imp You shoot an arrow.
The arrow hits the crimson imp.
The crimson imp is moderately wounded.
The centaur shoots an arrow.
The arrow hits you!
* * * LOW HITPOINT WARNING * * *
A crimson imp comes into view.
The crimson imp shouts!
You hear a shout!
The crimson imp hits you but does no damage.
Some of the chunks of flesh in your inventory have rotted away.
The centaur shoots an arrow.
The arrow hits you!
* * * LOW HITPOINT WARNING * * *
You see here an arrow.
Firing (i - inventory. (,) - cycle):
d - 66 arrows (quivered)
Press: ? - help, Shift-Dir - straight line, f/p - crimson imp
Aim: a crimson imp (moderately wounded)
You shoot an arrow.
The arrow completely misses the centaur.
The arrow misses the crimson imp.
The centaur unwields an uncursed shortbow.
The centaur wields an uncursed war axe.
The centaur hits you with an uncursed war axe!
You die...

.# .# #### ..... ...
##### .... ....
######### ...#
........############..#
#######.........@#....#
##########.c5# ###
##..#...#.. #.((o.o(l(
#..#(..#5. #..#####
#... #.... ###..


You could see a centaur, a crimson imp and an orc.

Vanquished Creatures
  A centaur (D:5)
  2 scorpions (D:4)
  2 orc priests
  A bullfrog skeleton (D:4)
  A hound (D:4)
  3 iguanas (D:4)
  3 orc wizards
  2 worker ants (D:4)
  2 hound skeletons (D:4)
  3 gnolls (D:2)
  A howler monkey skeleton (D:4)
  6 adders
  3 oozes
  3 adder skeletons (D:4)
  3 worms
  2 dart slugs
  A leopard gecko (D:5)
  13 orcs
  4 bats
  4 giant cockroaches
  8 goblins
  4 hobgoblins (D:3)
  3 jackals (D:2)
  2 quokkas
  3 frilled lizards (D:1)
  6 kobolds
  A quokka skeleton (D:4)
  10 rats
  2 fungi (D:4)
99 creatures vanquished.

Notes
Turn   | Place    | Note
-------+----------+-------------------------------------------
     0 | D:1      | Amnesiac the Centaur Hunter began the quest for the Orb.
     0 | D:1      | Reached XP level 1. HP: 17/17 MP: 1/1
    30 | D:1      | Reached skill level 1 in Armour
    43 | D:1      | Reached XP level 2. HP: 19/24 MP: 2/2
   945 | D:2      | Reached XP level 3. HP: 29/29 MP: 3/3
   956 | D:2      | Reached skill level 6 in Bows
  1032 | D:2      | HP: 1/29 [gnoll (6)]
  1338 | D:2      | Reached XP level 4. HP: 17/36 MP: 4/4
  1339 | D:2      | Reached skill level 7 in Bows
  2506 | D:3      | Reached skill level 8 in Bows
  2506 | D:3      | Reached XP level 5. HP: 15/41 MP: 5/5
  3207 | D:4      | Reached skill level 9 in Bows
  3219 | D:4      | Reached XP level 6. HP: 16/48 MP: 6/6
  4061 | D:4      | Reached skill level 10 in Bows
  4176 | D:4      | Found a staircase to the Ecumenical Temple.
  4195 | Temple   | Entered the Ecumenical Temple
  4290 | Temple   | Became a worshipper of Warmaster Okawaru
  4676 | D:4      | Reached XP level 7. HP: 55/55 MP: 7/7
  4759 | D:5      | Entered Level 5 of the Dungeon
  5146 | D:5      | Reached skill level 11 in Bows
  5355 | D:5      | Slain by a centaur

Vault maps used:
D:1:      onia_arrival_handbag
D:2:      first_ration
D:4:      minmay_temple_entry_grid, minmay_gold_behind_fungi, corner_web_ring
D:5:      evilmike_ruin_ashenzari
Temple:   regret_index_temple_chain_breaker

Skill      XL: |  1  2  3  4  5  6  7 |
---------------+----------------------+-----
Armour         | 1 |  1.3
Bows           | 6 8 9 10 11 | 11.5
Fighting       | |  2.0
Dodging        | |  1.3
Stealth        | |  0.4

Action                   |  1- 3 |  4- 6 |  7- 9 || total
-------------------------+-------+-------+-------++-------
Melee: Short sword       |    54 |     1 |       ||    55
       Kick              |     7 |    36 |     2 ||    45
       Hand axe          |       |   136 |    10 ||   146
 Fire: Shortbow          |    58 |       |    65 ||   123
  Use: Scroll            |       |     4 |       ||     4
       Potion            |       |       |     1 ||     1
 Stab: Sleeping          |       |     3 |       ||     3
  Eat: Chunk             |       |    17 |     5 ||    22
Armor: Leather armour    |    20 |    32 |     5 ||    57
Dodge: Dodged            |    33 |    19 |     9 ||    61
Block: Large shield      |       |    91 |     6 ||    97

Table legend:
 A = Spawn XP
 B = Non-spawn XP
 C = Spawn XP percentage of total XP
 D = Spawn monster count
 E = Non-spawn monster count
 F = Spawn count percentage of total count
 G = Total turns spent on level
                    A         B        C        D         E        F      G
               +---------+---------+-------+---------+---------+-------+---------
         Total |       0 |    1056 |   0.0 |       0 |      97 |   0.0 |  5355
               +---------+---------+-------+---------+---------+-------+---------
           D:1 |       0 |      39 |   0.0 |       0 |      20 |   0.0 |   925
           D:2 |       0 |      93 |   0.0 |       0 |      17 |   0.0 |  1063
           D:3 |       0 |     144 |   0.0 |       0 |      23 |   0.0 |  1210
           D:4 |       0 |     488 |   0.0 |       0 |      20 |   0.0 |  1443
           D:5 |       0 |     292 |   0.0 |       0 |      17 |   0.0 |   596
               +---------+---------+-------+---------+---------+-------+---------
